 Dungeon Crawl Stone Soup version 0.26-b1-32-g5d43845318 (webtiles) character file.

Game seed: 11461019509986199697

14 mopl the Grasshopper (level 2, 25/25 HPs)
             Began as a Palentonga Warper on Jan 6, 2021.
             Quit the game on level 1 of the Dungeon on Jan 11, 2021.
             The game lasted 00:02:10 (512 turns).

mopl the Grasshopper (Palentonga Warper)             Turns: 512, Time: 00:02:10

Health: 25/25      AC:  6    Str: 14    XL:     2   Next: 31%
Magic:  5/5        EV:  8    Int: 13    God:
Gold:   30         SH:  0    Dex:  9    Spells: 5/5 levels left

rFire    . . .     SeeInvis +   a - +0 spear
rCold    . . .     Faith    .   (no shield)
rNeg     . . .     Spirit   .   i - +0 ring mail
rPois    .         Reflect  .   (no helmet)
rElec    .         Harm     .   (no cloak)
rCorr    .         Rampage  .   c - +0 pair of gloves
Will     .....                  (no barding)
Stlth    ..........             (no amulet)
HPRegen  0.08/turn              (no ring)
MPRegen  0.09/turn              (no ring)

@: no status effects
A: large, rugged brown scales 3, see invisible, deformed body, roll 1, armoured
tail
a: Rolling Charge


You were on level 1 of the Dungeon.
You visited 1 branch of the dungeon, and saw 1 of its levels.

You collected 30 gold pieces.

Inventory:

Hand Weapons
 a - a +0 spear (weapon)
Missiles
 e - 5 boomerangs of dispersal (quivered)
Armour
 c - a +0 pair of gloves (worn)
 i - a +0 ring mail (worn)
Scrolls
 d - a scroll of blinking
 f - a scroll of fear {unknown}
 g - a scroll of identify {unknown}
Potions
 h - a potion of flight {unknown}


   Skills:
 - Level 2.0 Fighting
 + Level 2.7 Polearms
 - Level 0.6 Throwing
 - Level 0.7 Armour
 - Level 1.5 Dodging
 - Level 2.0 Spellcasting
 - Level 3.0 Translocations


You had 5 spell levels left.
You didn't know any spells.
Your spell library contained the following spells:

 Spells                   Type           Power        Failure   Level
 Blink                    Tloc           N/A          22%         2
 Gell's Gravitas          Tloc           4%           41%         3
 Lesser Beckoning         Tloc           4%           41%         3
 Teleport Other           Tloc           9%           41%         3
 Passage of Golubria      Tloc           N/A          83%         4


Dungeon Overview and Level Annotations

Branches:
Dungeon (1/15)

Altars:


Innate Abilities, Weirdness & Mutations

You are completely covered in rugged brown scales. (AC +3, +7% HP)
You have supernaturally acute eyesight. (SInv)
Armour fits poorly on your strangely shaped body.
You can roll at nearby foes to attack.
You have a long armoured tail.


Message History

Unknown command.
Unknown command.
You see here a stone.
Things that are here:
a stone; a ring mail
i - a ring mail You start removing your armour.
You continue taking off your +0 leather armour. x4
You finish taking off your +0 leather armour.
You start putting on your armour.
You continue putting on your ring mail. x5
You finish putting on your +0 ring mail.
Unknown command.
Drop what? 9/52 slots (_ for help) (? for menu, Esc to quit)
You drop a +0 leather armour.
You see here a stone.
You see here a stone.
Saving game... please wait.
Welcome back, mopl the Palentonga Warper.
Press ? for a list of commands and other information.
Are you sure you want to abandon this character and quit the game? (Confirm with "yes".)

############
##([(@)......
#.(.#########
#########.#.# #
..........#...###
####
.....>..#####....
...
#######...#....#..
... #.#.#......#
#.# #.#.
#.#......#####.#
#..
#.#.###........#
#.##


There were no monsters in sight!

Vanquished Creatures
  3 goblins (D:1)
  A hobgoblin (D:1)
  2 kobolds (D:1)
  A ball python (D:1)
  3 bats (D:1)
  A frilled lizard (D:1)
  3 rats (D:1)
14 creatures vanquished.

Vanquished Creatures (others)
  5 toadstools (D:1)
5 creatures vanquished.

Grand Total: 19 creatures vanquished

Notes
Turn   | Place    | Note
-------+----------+-------------------------------------------
     0 | D:1      | mopl the Palentonga Warper began the quest for the Orb.
     0 | D:1      | Reached XP level 1. HP: 18/18 MP: 3/3
   360 | D:1      | Reached XP level 2. HP: 25/25 MP: 5/5
   512 | D:1      | Quit the game

Illustrated notes

Levels and vault maps discovered:
D:1:      ldierk_walled_garden, layout_loops_ring

Skill      XL: |  1 |
---------------+----+-----
Polearms       | 2 |  2.7
Fighting       | |  2.0
Throwing       | |  0.6
Armour         | |  0.7
Dodging        | |  1.5
Spellcasting   | |  2.0
Translocations | |  3.0

Action                   || total
-------------------------++-------
Melee: Spear             ||    57
       Tailslap          ||     2
Armor: Leather armour    ||    18
Dodge: Dodged            ||    28
